 Dungeon Crawl Stone Soup version 0.29.1-1-gd02db6906a (webtiles) character file.

Game seed: 8620014275049507475

4110 Anriel the Spear-Bearer (level 10, -2/73 (74) HPs)
             Began as a Demonspawn Gladiator on Oct 12, 2022.
             Slain by a two-headed ogre
             ... wielding a +0 giant spiked club
              (29 damage)
             ... on level 8 of the Dungeon on Oct 13, 2022.
             The game lasted 00:57:35 (5960 turns).

Anriel the Spear-Bearer (Demonspawn Gladiator)      Turns: 5960, Time: 00:57:35

HP:   -2/73 (74)    AC: 13    Str: 22    XL:     10   Next: 6%
MP:   10/10         EV: 15    Int: 16    God:
Gold: 359           SH: 11    Dex: 31    Spells: 9/9 levels left

rFire   . . .      SeeInvis .   f - +4 demon trident (drain)
rCold   . . .      Faith    .   D - +0 kite shield
rNeg    . . .      Spirit   .   E - +1 scale mail
rPois   .          Reflect  .   c - +0 helmet
rElec   .          Harm     .   (no cloak)
rCorr   .          Rampage  .   B - +0 pair of gloves
Will    .....                   a - +1 pair of boots of the Depths {Dex+8}
Stlth   ++........              (no amulet)
HPRegen 0.22/turn               g - +6 ring of strength
MPRegen 0.12/turn               j - +6 ring of dexterity

@: marked, lightly drained
A: spiny 1, big brain 3, demonic touch 2
a: no special abilities


You were on level 8 of the Dungeon.
You visited 2 branches of the dungeon, and saw 9 of its levels.

You collected 398 gold pieces.
You spent 39 gold pieces at shops.

Inventory:

Hand Weapons
 f - a +4 demon trident of draining (weapon)
 A - the +2 hand axe "Xeixomafe" {venom, *Rage rN+++ Will++ Str-4}
   (You found it on level 3 of the Dungeon)

   It poisons the flesh of those it strikes.
   Str:       It affects your strength (-4).
   rN:        It renders you almost immune to negative energy.
   *Rage:     It berserks you when you make melee attacks (+20% chance).
   Will:      It greatly increases your willpower.
Missiles
 e - 5 javelins (quivered)
 y - 13 silver boomerangs
Armour
 a - the +1 pair of boots of the Depths (worn) {Dex+8}
   (You acquired it on level 2 of the Dungeon)

   Dex:       It affects your dexterity (+8).
 c - a +0 helmet (worn)
 m - a +2 plate armour of willpower
 B - a +0 pair of gloves (worn)
 D - a +0 kite shield (worn)
 E - a +1 scale mail (worn)
Jewellery
 g - a +6 ring of strength (left hand)
 h - a ring of ice
 j - a +6 ring of dexterity (right hand)
 p - a +6 ring of dexterity
 q - a ring of protection from cold
Wands
 r - a wand of mindburst (9)
 v - a wand of polymorph (16)
 z - a wand of digging (5)
 G - a wand of flame (26)
Scrolls
 u - 3 scrolls of teleportation
 F - a scroll of fear
Potions
 b - a potion of brilliance
 i - 3 potions of mutation
 k - 3 potions of attraction
 l - 2 potions of curing
 n - a potion of berserk rage
 s - 4 potions of heal wounds
 t - a potion of cancellation {unknown}
 w - 2 potions of magic
 x - 4 potions of might
 C - a potion of flight {unknown}
 H - a potion of haste {unknown}


   Skills:
 + Level 5.1 Fighting
 + Level 9.5 Polearms
 + Level 2.4 Throwing
 + Level 5.0 Armour
 * Level 6.9 Dodging
 - Level 2.0 Stealth
 + Level 0.8 Shields


You had 9 spell levels left.
You didn't know any spells.
Your spell library contained the following spells:

 Spells                   Type           Power      Damage    Failure   Level
 Magic Dart               Conj           0%         1d3       61%         1
 Slow                     Hex            0%         N/A       61%         1
 Searing Ray              Conj           0%         2d4       75%         2
 Confusing Touch          Hex            0%         N/A       92%         3
 Conjure Flame            Conj/Fire      0%         6-21      92%         3
 Ignite Poison            Fire/Tmut/Pois 0%         N/A       92%         3
 Inner Flame              Hex/Fire       0%         N/A       92%         3
 Vampiric Draining        Necr           0%         2d6       92%         3
 Cause Fear               Hex            0%         N/A       100%        4
 Fulminant Prism          Conj/Hex       0%         3d6       100%        4
 Sticky Flame             Conj/Fire      0%         2d3       100%        4
 Discord                  Hex            0%         N/A       100%        8


Dungeon Overview and Level Annotations

Branches:
Dungeon (8/15)             Temple (1/1) D:6
   Lair: D:8-11

Altars:
Ashenzari
Cheibriados
Dithmenos
Fedhas
Gozag
Hepliaklqana
Kikubaaqudgha
Nemelex Xobeh
Ru
Trog
Uskayaw
Xom

Shops:
D:1 !

Annotations:
D:8 3 runed translucent doors, rubinsalamander's ghost, journeyman GnCA


Innate Abilities, Weirdness & Mutations

You are partially covered in sharp spines.
You have an absolutely massive brain. (Int +6, Wiz)
Your touch may inflict irresistible damage on your foes.


Message History

The orc warrior shoots a bolt.
You block the bolt.
Reach: f) +4 demon trident (drain)
Press: ? - help, Dir - move target, f/p - orc warrior
Aim: an orc warrior, wielding a +0 arbalest and wearing a +0 plate armour (severely wounded, lightly drained, about 26% to evade your +4 demon trident of draining)
You reach to attack!
You puncture the orc warrior!
You kill the orc warrior!
Reach: f) +4 demon trident (drain)
Press: ? - help, Dir - move target, f - wight
Aim: a wight, wielding a +0 halberd and wearing a +0 robe (about 26% to evade your +4 demon trident of draining)
You reach to attack!
You puncture the wight!
The wight is almost destroyed.
The wight hits you from afar with a +0 halberd.
You feel drained.
Reach: f) +4 demon trident (drain)
Press: ? - help, Dir - move target, f/p - wight
Aim: a wight, wielding a +0 halberd and wearing a +0 robe (almost destroyed, about 26% to evade your +4 demon trident of draining)
You reach to attack!
You hit the wight but do no damage.
The wight is almost destroyed.
You block the wight's attack.
Reach: f) +4 demon trident (drain)
Press: ? - help, Dir - move target, f/p - wight
Aim: a wight, wielding a +0 halberd and wearing a +0 robe (almost destroyed, about 26% to evade your +4 demon trident of draining)
You reach to attack!
You puncture the wight!
You destroy the wight!
Unknown command.
Reach: f) +4 demon trident (drain)
Press: ? - help, Dir - move target, f - two-headed ogre
Aim: a two-headed ogre, wielding two +0 giant spiked clubs (about 17% to evade your +4 demon trident of draining)
You reach to attack!
You puncture the two-headed ogre! You drain the two-headed ogre.
The two-headed ogre is moderately wounded.
You hit the two-headed ogre.
The two-headed ogre is moderately wounded.
You block the two-headed ogre's attack. The two-headed ogre misses you.
You hit the two-headed ogre. You drain the two-headed ogre.
The two-headed ogre is heavily wounded.
You hit the two-headed ogre.
The two-headed ogre is heavily wounded.
The two-headed ogre hits you with a +0 giant spiked club!!
You die...

###
#################.#
#....(.....(....@.#
#.###############O#
#.# #z# #.# #{#
#.### ###o# ##
#...# #..z# .##
###.# #...# z..#
#.# #...# ...# #.#
#.z.###yo.#


You could see a two-headed ogre (drained), 2 wights and an orc.

Vanquished Creatures
  A two-headed ogre (D:8)
  A hornet (D:8)
  Prince Ribbit (D:8)
  Sigmund (D:5)
  2 water moccasins
  2 orc warriors
  4 black bears
  An ice beast (D:8)
  A sky beast (D:7)
  5 centaurs
  2 phantoms
  A bullfrog (D:7)
  2 kobold brigands (D:6)
  A necrophage (D:5)
  3 gnoll sergeants
  2 scorpions
  A wight (D:8)
  5 killer bees (D:8)
  A howler monkey (D:6)
  2 hounds
  2 jellies
  2 orc wizards
  Natasha (thrice) (D:4)
  4 iguanas
  7 adders
  16 gnolls
  2 shadow imps
  2 white imps
  An ufetubus (D:6)
  A worm (D:2)
  3 dart slugs
  7 orcs
  6 endoplasms
  4 giant cockroaches
  2 goblins
  8 hobgoblins
  4 jackals (D:3)
  21 kobolds
  4 quokkas
  4 ball pythons
  3 bats
  4 frilled lizards
  2 rats
  A toadstool (D:1)
152 creatures vanquished.

Vanquished Creatures (others)
  A fungus (D:3)
  4 plants
  3 toadstools (D:1)
8 creatures vanquished.

Grand Total: 160 creatures vanquished

Notes
Turn   | Place    | Note
-------+----------+-------------------------------------------
     0 | D:1      | Anriel the Demonspawn Gladiator began the quest for the
                  | Orb.
     0 | D:1      | Reached XP level 1. HP: 16/16 MP: 1/1
   171 | D:1      | Reached skill level 3 in Polearms
   171 | D:1      | Gained mutation: You have an unusually large brain. (Int
                  | +2) [demonic ancestry]
   171 | D:1      | Reached XP level 2. HP: 22/22 MP: 2/2
   649 | D:1      | Found a faded altar of an unknown god.
   700 | D:1      | Reached skill level 1 in Armour
   716 | D:1      | Found Walostroo's Distillery.
   724 | D:1      | Bought a potion of curing for 39 gold pieces
   798 | D:1      | Gained mutation: You have an extremely huge brain. (Int +4)
                  | [demonic ancestry]
   798 | D:1      | Reached XP level 3. HP: 27/27 MP: 3/3
  1062 | D:2      | Identified 2 scrolls of acquirement
  1062 | D:2      | Acquired a +1 demon trident of draining
  1066 | D:2      | Acquired the +1 pair of boots of the Depths {Dex+8}
  1133 | D:2      | Found a shadowy altar of Dithmenos.
  1559 | D:3      | You fall into a shaft and drop 1 floor!
  1657 | D:4      | Reached XP level 4. HP: 33/33 MP: 4/4
  1713 | D:4      | Noticed Natasha
  1754 | D:4      | Killed Natasha
  1926 | D:4      | Noticed Natasha
  1929 | D:4      | Killed Natasha
  1930 | D:4      | Reached skill level 1 in Stealth
  1944 | D:4      | Noticed Natasha
  1948 | D:4      | Killed Natasha
  1949 | D:4      | Gained mutation: Your touch may inflict minor irresistible
                  | damage on your foes. [demonic ancestry]
  1949 | D:4      | Reached XP level 5. HP: 39/39 MP: 5/5
  2099 | D:3      | Identified the +2 hand axe "Xeixomafe" {venom, *Rage rN+++
                  | Will++ Str-4}
  2200 | D:3      | Noticed a black bear
  2209 | D:3      | Killed a black bear
  2210 | D:3      | Reached skill level 4 in Polearms
  2381 | D:3      | Gained mutation: You are partially covered in sharp spines.
                  | [demonic ancestry]
  2381 | D:3      | Reached XP level 6. HP: 46/46 MP: 6/6
  2548 | D:3      | Found a sacrificial altar of Ru.
  2725 | D:5      | Entered Level 5 of the Dungeon
  2867 | D:5      | Noticed Sigmund
  3057 | D:5      | Killed Sigmund
  3058 | D:5      | Reached skill level 5 in Polearms
  3058 | D:5      | Reached XP level 7. HP: 49/51 MP: 7/7
  3260 | D:5      | Reached skill level 6 in Polearms
  3719 | D:6      | Reached skill level 5 in Dodging
  3719 | D:6      | Gained mutation: Your touch may inflict irresistible damage
                  | on your foes. [demonic ancestry]
  3719 | D:6      | Reached XP level 8. HP: 47/58 MP: 8/8
  3835 | D:6      | Reached skill level 7 in Polearms
  3859 | D:6      | Found a staircase to the Ecumenical Temple.
  3900 | Temple   | Entered the Ecumenical Temple
  4126 | D:6      | Found a blossoming altar of Fedhas.
  4714 | D:7      | Reached skill level 8 in Polearms
  4714 | D:7      | Gained mutation: You have an absolutely massive brain. (Int
                  | +6, Wiz) [demonic ancestry]
  4714 | D:7      | Reached XP level 9. HP: 65/65 MP: 9/9
  5657 | D:8      | Noticed Prince Ribbit
  5662 | D:8      | Killed Prince Ribbit
  5746 | D:8      | Noticed a two-headed ogre
  5752 | D:8      | Killed a two-headed ogre
  5753 | D:8      | Reached skill level 9 in Polearms
  5806 | D:8      | Found a runed translucent gate.
  5807 | D:8      | Found a runed translucent gate.
  5807 | D:8      | Found a runed translucent gate.
  5808 | D:8      | Found an opulent altar of Gozag.
  5809 | D:8      | Noticed rubinsalamander's ghost (journeyman GnCA)
  5809 | D:8      | Noticed a manticore
  5837 | D:8      | Paralysed by a hornet for 3 turns
  5844 | D:8      | Reached skill level 5 in Fighting
  5918 | D:8      | Found an opulent altar of Gozag.
  5922 | D:8      | Found a shadowy altar of Dithmenos.
  5928 | D:8      | Found a sparkling altar of Nemelex Xobeh.
  5945 | D:8      | Noticed a two-headed ogre
  5948 | D:8      | Reached XP level 10. HP: 30/74 MP: 10/10
  5952 | D:8      | Reached skill level 5 in Armour
  5960 | D:8      | Slain by a two-headed ogre

Illustrated notes

Levels and vault maps discovered:
D:1:      ldierk_water_garden, layout_loops_ring, serial_shops,
          nicolae_shop_temple_entry_statues_fountains,
          chequers_ecumenical_altar_simple_redux
D:2:      layout_basic, serial_curves, eino_curves_02, eino_curves_01,
          eino_curves_03, basic_altar
D:3:      layout_basic, tso_oasis_becter, nicolae_ru_the_path_less_chosen,
          minmay_misc_feat_tower
D:4:      layout_rooms, serial_bayou_crossing, uniq_natasha
D:5:      layout_basic, uniq_sigmund
D:6:      layout_basic, fedhas_bush_and_centaur_altar, lemuel_temple_firewalk_a
D:7:      layout_loops_corners
D:8:      layout_loops_ring, nicolae_elyvilon_temple_path,
          nicolae_overflow_hallway_of_the_gods, ebering_ghost_gozag,
          kennysheep_generic_room_5, uniq_prince_ribbit1
Temple:   nicolae_temple_superstar

Skill      XL: |  1  2  3  4  5  6  7  8  9 10 |
---------------+-------------------------------+-----
Polearms       | 3 4 5 6 8 9 |  9.5
Dodging        | 3 4 5 6 |  6.9
Armour         | 1 2 3 4 5 |  5.0
Stealth        | 1 2 |  2.0
Throwing       | 2 |  2.4
Fighting       | 3 4 5 |  5.1
Shields        | |  0.8

Action                   |  1- 3 |  4- 6 |  7- 9 | 10-12 || total
-------------------------+-------+-------+-------+-------++-------
Melee: Trident           |    75 |       |       |       ||    75
       Punch             |     1 |       |     2 |       ||     3
       Demon trident     |    24 |    66 |   174 |    12 ||   276
       Touch             |       |     5 |    20 |       ||    25
Throw: Throwing net      |       |     5 |     1 |       ||     6
       Javelin           |       |     1 |     1 |       ||     2
  Use: Scroll            |     7 |     7 |     9 |       ||    23
       Potion            |       |       |     2 |     1 ||     3
 Stab: Sleeping          |     8 |     8 |     2 |       ||    18
Armor: Leather armour    |    17 |     1 |       |       ||    18
       Ring mail         |       |    10 |    22 |       ||    32
       Skin              |       |     1 |       |       ||     1
       Scale mail        |       |       |    14 |       ||    14
Dodge: Dodged            |    41 |    24 |   118 |     4 ||   187
Block: Kite shield       |       |       |    22 |     8 ||    30
